 Dungeon Sprint DCSS version 0.18-a0-1655-ge2d8d33 (webtiles) character file.

10100000 namelastname112 the Sabretooth (level 26, -36/145 HPs)
             Began as a Felid Monk on Mar 30, 2016.
             Was the Champion of Makhleb.
             Killed from afar by an observer (94 damage)
             ... with a fireball
             ... in the Dungeon (Sprint VIII: "Arena of Blood").
             The game lasted 00:02:36 (101 turns).

namelastname112 the Sabretooth (Felid Monk)          Turns: 101, Time: 00:02:37

Health: -36/145    AC:  3    Str:  7    XL:     26   Next: 33%
Magic:  55/55      EV: 47    Int: 12    God:    Makhleb [******]
Gold:   0          SH:  0    Dex: 31    Spells: 0 memorised, 79 levels left
                                        Lives:  0   Deaths: 5

rFire  . . .     SeeInvis +       - Unarmed
rCold  + . .     Gourm    .     (armour unavailable)
rNeg   . . .     Faith    .     (shield unavailable)
rPois  .         Spirit   .     (helmet unavailable)
rElec  .         Dismiss  .     (cloak unavailable)
rCorr  .         Reflect  .     (gloves unavailable)
SustAt .         Harm     .     (boots unavailable)
MR     +++..     NoTele   +     (no amulet)
Stlth  ++++++++++               (no ring)
                                h - +27000 ring of slaying

@: quick, extremely resistant to hostile enchantments, uncannily stealthy
A: no armour, no weapons or thrown items, claws 1, fangs 3, see invisible,
carnivore 3, speed 1, shaggy fur 3, slow metabolism 1, sharp paws
a: Minor Destruction, Lesser Servant of Makhleb, Major Destruction, Greater
Servant of Makhleb, Renounce Religion


You were in the Dungeon.
You worshipped Makhleb.
Makhleb was exalted by your worship.
You were not hungry.

You visited 1 branch

Inventory:

Jewellery
 h - a +27000 ring of slaying (left paw)
Potions
 b - a potion of curing
 c - a potion of heal wounds
 d - a potion of haste
 e - 2 potions of magic
 f - a potion of berserk rage
Comestibles
 a - a meat ration


   Skills:
 O Level 27 Fighting
 O Level 27 Dodging
 O Level 27 Stealth
 O Level 27 Unarmed Combat
 O Level 27 Spellcasting
 O Level 27 Invocations


You had 79 spell levels left.
You didn't know any spells.

Dungeon Overview and Level Annotations

Branches:
Dungeon (1/1)

Altars:
Makhleb


Innate Abilities, Weirdness & Mutations

You cannot wear armour.
You are incapable of wielding weapons or throwing items.
You have sharp claws.
You have razor-sharp teeth.
You have supernaturally acute eyesight.
You are carnivorous and can eat meat at any time.
You cover ground quickly.
Your thick and shaggy fur keeps you warm (AC +3, rC+).
You have a slow metabolism.
Your sharp claws are effective at attacking unaware monsters.


Message History

The eight-headed meat hydra calls on the powers of darkness!
The eight-headed meat hydra convulses!
The bag of meat convulses! x7
The large bag of meat convulses!
The meat berserker convulses! x2
The bag of meat convulses!
Your body is wracked with pain!
The meat berserker convulses!
The bag of meat convulses! x2
The observer convulses!
The bag of meat convulses! x4
The meat berserker convulses! x2; The bag of meat convulses!
The meat berserker convulses!
The bag of meat convulses! x4
You hear a shout!
The wretched soul breathes negative energy at you.
The bolt of negative energy misses you. The observer gazes at you.
The bolt of fire hits you!
The bag of meat is engulfed in roaring flames.
You hear a shout! x6
The bag of meat is engulfed in roaring flames.
The observer gazes at you.
The fireball explodes!
The fireball engulfs you!
Ouch! That really hurt!
You die...

####### #### #...... ...
..D..... .. ..
.....##.##.#####. ...
.....W...........
..####.....##@##........
#o...............G...o.
#o...x.....#.#..o....
#.....o...D....o...###
#..))W...o.Co..oo..W.
#2xVoW..O...2oo%.o.o


..V...XooWO.oo.W.oOooM.WCoW .#V...o.VOoo.ooO.OO§ooC.WoG
V.#.W.O.oLo#.x.oV..#o§zX..o You could see an accursed, a meat beast, an
eight-headed meat hydra, a destroyer, an observer (invisible), 2 large bags of
meat, 4 wretched souls, 2 dreads, 7 meat berserkers, a small abomination, 20
bags of meat and a crawling corpse.

Vanquished Creatures
  4 hell beasts (D)
  A wraith (D)
  9 vampire knights (D)
  19 ogres (D)
  5 liches (D)
  A hydra (D)
  21 orcs (D)
  4 hill giants (D)
  3 skeletal warriors (D)
  A small abomination (D)
68 creatures vanquished.

Vanquished Creatures (others)
  2 orcs (D)
  2 crawling corpses (D)
4 creatures vanquished.

Grand Total: 72 creatures vanquished

Notes
Turn   | Place    | Note
--------------------------------------------------------------
     0 | D        | namelastname112 the Felid Monk began the quest for the Orb.
     0 | D        | Reached XP level 1. HP: 10/10 MP: 2/2
     3 | D        | Became a worshipper of Makhleb the Destroyer
     3 | D        | Reached * piety under Makhleb
     3 | D        | Reached ** piety under Makhleb
     5 | D        | Noticed a bag of meat
     5 | D        | Noticed a bag of meat
     8 | D        | Killed a bag of meat
     8 | D        | Reached XP level 2. HP: 24/24 MP: 3/3
     8 | D        | Reached XP level 3. HP: 28/28 MP: 4/4
     8 | D        | Reached XP level 4. HP: 32/32 MP: 5/5
     8 | D        | Reached XP level 5. HP: 36/36 MP: 6/6
     8 | D        | Gained mutation: You are covered in thick fur (AC +2). [Felid growth]
     8 | D        | Reached XP level 6. HP: 40/40 MP: 7/7
     8 | D        | Reached XP level 7. HP: 43/43 MP: 8/8
     8 | D        | Reached XP level 8. HP: 48/48 MP: 9/9
     8 | D        | Reached XP level 9. HP: 51/51 MP: 10/10
     8 | D        | Reached XP level 10. HP: 55/55 MP: 11/11
     8 | D        | Reached XP level 11. HP: 59/59 MP: 12/12
    13 | D        | Killed a bag of meat
    13 | D        | Reached skill level 15 in Fighting
    13 | D        | Gained mutation: Your thick and shaggy fur keeps you warm (AC +3, rC+). [Felid growth]
    13 | D        | Reached XP level 12. HP: 66/66 MP: 13/13
    14 | D        | Noticed a meat berserker
    15 | D        | Noticed a bag of meat
    16 | D        | Noticed a bag of meat
    16 | D        | Killed a bag of meat
    16 | D        | Reached *** piety under Makhleb
    16 | D        | Reached skill level 10 in Stealth
    16 | D        | Reached XP level 13. HP: 72/72 MP: 14/14
    19 | D        | Killed a meat berserker
    19 | D        | Reached skill level 27 in Unarmed Combat
    19 | D        | Reached XP level 14. HP: 80/80 MP: 15/15
    21 | D        | Noticed a large bag of meat
    21 | D        | Noticed a bag of meat
    22 | D        | Killed a large bag of meat
    22 | D        | Reached **** piety under Makhleb
    22 | D        | Reached XP level 15. HP: 79/86 MP: 16/16
    24 | D        | Noticed a meat berserker
    24 | D        | Noticed a large bag of meat
    24 | D        | Reached skill level 27 in Dodging
    25 | D        | Noticed a meat berserker
    26 | D        | Noticed a meat berserker
    26 | D        | Reached skill level 15 in Stealth
    27 | D        | Noticed a meat berserker
    27 | D        | Killed a meat berserker
    27 | D        | Reached ***** piety under Makhleb
    27 | D        | Reached skill level 27 in Fighting
    27 | D        | Reached XP level 16. HP: 100/100 MP: 17/17
    28 | D        | Reached skill level 27 in Stealth
    29 | D        | Noticed a large bag of meat
    29 | D        | Killed a meat berserker
    29 | D        | Reached XP level 17. HP: 104/104 MP: 17/35
    30 | D        | Noticed a destroyer
    30 | D        | Reached skill level 15 in Spellcasting
    32 | D        | Killed a meat berserker
    32 | D        | Reached XP level 18. HP: 109/109 MP: 17/44
    33 | D        | Reached ****** piety under Makhleb
    34 | D        | Noticed an eight-headed meat hydra
    35 | D        | Killed a large bag of meat
    36 | D        | Killed a meat berserker
    36 | D        | Reached skill level 27 in Spellcasting
    36 | D        | Reached skill level 27 in Invocations
    36 | D        | Reached XP level 19. HP: 113/113 MP: 17/51
    37 | D        | Noticed an eight-headed meat hydra
    42 | D        | Killed an eight-headed meat hydra
    44 | D        | Killed a destroyer
    44 | D        | Reached XP level 20. HP: 108/118 MP: 19/52
    45 | D        | Noticed a destroyer
    46 | D        | Noticed a meat berserker
    46 | D        | Killed from afar by a large bag of meat
    47 | D        | Reached XP level 19. HP: 54/113 MP: 20/51
    47 | D        | Noticed a destroyer
    47 | D        | Noticed a destroyer
    47 | D        | Annihilated by a destroyer
    48 | D        | Reached XP level 18. HP: -92/109 MP: 50/50
    48 | D        | Noticed a meat berserker
    48 | D        | Noticed a sculptor of flesh
    48 | D        | Noticed a tyrant
    50 | D        | Killed a meat berserker
    52 | D        | Noticed a tyrant
    52 | D        | Killed a tyrant
    52 | D        | Reached XP level 19. HP: 113/113 MP: 51/51
    55 | D        | Noticed a meat berserker
    55 | D        | Noticed a meat berserker
    56 | D        | Killed a destroyer
    58 | D        | Noticed a tyrant
    59 | D        | Noticed a tyrant
    59 | D        | Killed a meat berserker
    60 | D        | Killed a destroyer
    60 | D        | Reached XP level 20. HP: 118/118 MP: 52/52
    60 | D        | Noticed a destroyer
    61 | D        | Noticed a tyrant
    61 | D        | Killed a meat berserker
    62 | D        | Killed a meat berserker
    63 | D        | Noticed a meat berserker
    65 | D        | Noticed a meat berserker
    65 | D        | Noticed a destroyer
    65 | D        | Noticed a destroyer
    65 | D        | Noticed a meat berserker
    65 | D        | Killed a destroyer
    66 | D        | Noticed a meat berserker
    66 | D        | Noticed a destroyer
    67 | D        | Noticed a meat berserker
    67 | D        | Noticed a dread
    68 | D        | Noticed a meat berserker
    68 | D        | Noticed a meat beast
    69 | D        | Noticed a meat berserker
    69 | D        | Noticed a dread
    69 | D        | Killed a tyrant
    69 | D        | Reached XP level 21. HP: 81/122 MP: 53/53
    70 | D        | Noticed a meat beast
    71 | D        | Noticed a destroyer
    71 | D        | Killed a destroyer
    71 | D        | Noticed a destroyer
    73 | D        | Noticed a tyrant
    73 | D        | Noticed a meat beast
    74 | D        | Noticed a destroyer
    74 | D        | Noticed a dread
    74 | D        | Killed a dread
    74 | D        | Reached XP level 22. HP: 118/127 MP: 54/54
    75 | D        | Noticed a destroyer
    76 | D        | Noticed a destroyer
    77 | D        | Noticed an accursed
    78 | D        | Frenchrax: how do you do this without the axe?
    78 | D        | Killed a meat beast
    78 | D        | Reached XP level 23. HP: 43/131 MP: 55/55
    78 | D        | Killed from afar by a tyrant
    79 | D        | Reached XP level 22. HP: -1/127 MP: 54/54
    79 | D        | Noticed a meat beast
    79 | D        | Noticed a dread
    79 | D        | Noticed a tyrant
    79 | D        | namelastname112: felids get this
    79 | D        | namelastname112: instead of axe
    79 | D        | Frenchrax: oh wow
    81 | D        | Killed a destroyer
    81 | D        | Reached XP level 23. HP: 67/131 MP: 55/55
    83 | D        | Noticed a destroyer
    83 | D        | Killed a meat beast
    83 | D        | Reached XP level 24. HP: 113/136 MP: 55/55
    86 | D        | Noticed a destroyer
    86 | D        | Frenchrax: that would be useful in a real game
    86 | D        | Killed a tyrant
    87 | D        | Noticed a destroyer
    87 | D        | Noticed a meat beast
    87 | D        | Noticed a tyrant
    88 | D        | Noticed an accursed
    89 | D        | Noticed a meat beast
    89 | D        | Reached XP level 25. HP: 108/140 MP: 55/55
    90 | D        | Killed a destroyer
    91 | D        | Killed a destroyer
    92 | D        | Noticed a meat beast
    93 | D        | Killed a tyrant
    93 | D        | Reached XP level 26. HP: 123/145 MP: 55/55
    94 | D        | Killed a tyrant
    95 | D        | Killed a meat beast
    95 | D        | Reached XP level 27. HP: 120/149 MP: 55/55
    96 | D        | Killed a meat beast
    97 | D        | Killed a destroyer
    98 | D        | Noticed a meat beast
    98 | D        | Demolished by a meat berserker
    99 | D        | Noticed a tyrant
    99 | D        | Noticed a dread
    99 | D        | Demolished by a meat berserker
   100 | D        | Reached XP level 26. HP: -21/145 MP: 55/55
   100 | D        | Noticed a tyrant
   100 | D        | Noticed a meat beast
   101 | D        | Killed from afar by an observer

Vault maps used:
D:        meatsprint

Skill      XL: |  1  2  3  4  5  6  7  8  9 10 11 12 13 14 15 16 17 18 |
---------------+-------------------------------------------------------+-----
Fighting       | 13 15 17 19 21 27 | 27.0
Dodging        | 17 19 21 24 26 27 | 27.0
Stealth        | 7 9 10 11 12 24 27 | 27.0
Unarmed Combat | 20 23 25 27 | 27.0
Spellcasting   | 13 21 27 | 27.0
Invocations    | 14 22 27 | 27.0

Action                   |  1- 3 |  4- 6 |  7- 9 | 10-12 | 13-15 | 16-18 | 19-21 | 22-24 | 25-27 || total
-------------------------+-------+-------+-------+-------+-------+-------+-------+-------+-------++-------
Melee: Unarmed           |     1 |       |       |     2 |     5 |    11 |    26 |    13 |    10 ||    68
  Use: Scroll            |       |       |       |       |       |       |       |     1 |       ||     1
 Stab: Distracted        |       |       |       |       |       |       |       |     1 |       ||     1
